 Dungeon Crawl Stone Soup version 0.22-b1-21-g5cfc168 (webtiles) character file.

1458 tyranidshit the Schismatic (level 8, -4/64 HPs)
             Began as a Demonspawn Abyssal Knight on Aug 3, 2018.
             Was an Elder of Lugonu.
             Slain by an ice beast (13 damage)
             ... on level 7 of the Dungeon.
             The game lasted 00:16:11 (5729 turns).

tyranidshit the Schismatic (DsAK)                   Turns: 5729, Time: 00:16:12

Health: -4/64      AC: 11    Str: 17    XL:     8   Next: 47%
Magic:  13/13      EV:  9    Int: 16    God:    Lugonu [****..]
Gold:   439        SH:  0    Dex: 13    Spells: 7/7 levels left

rFire    + . .     SeeInvis .   s - +9 mace "Kufaig" {distort, rF+ Str+3}
rCold    . . .     Gourm    .   (no shield)
rNeg     . . .     Faith    .   e - +0 scale mail
rPois    +         Spirit   .   (no helmet)
rElec    .         Reflect  .   w - +2 cloak {rPois}
rCorr    .         Harm     .   i - +0 pair of gloves
MR       .....                  (no boots)
Stlth    ..........             (no amulet)
HPRegen  0.20/turn              (no ring)
MPRegen  0.13/turn              (no ring)

@: hasted, very quick
A: yellow scales 2, blink, clever 1, deformed body, demonic guardian 1, sense
surroundings 1, evolution 1, rot immunity
a: Blink, Depart the Abyss, Bend Space, Banish, Corrupt, Renounce Religion


You were on level 7 of the Dungeon.
You worshipped Lugonu.
Lugonu was greatly pleased with you.
You were not hungry.

You visited 1 branch of the dungeon, and saw 7 of its levels.
You visited the Abyss 1 time.
You also visited: Ossuary.

You collected 439 gold pieces.

Inventory:

Hand Weapons
 a - a +2 hand axe
 s - the +9 mace "Kufaig" (weapon) {distort, rF+ Str+3}
   (You found it on level 7 of the Dungeon)

   It warps and distorts space around it.
   Unwielding it can cause banishment or high damage.
   It affects your strength (+3).
   It protects you from fire.
Armour
 b - a +0 leather armour
 e - a +0 scale mail (worn)
 i - a +0 pair of gloves (worn)
 w - a +2 cloak of poison resistance (worn)
Wands
 c - a wand of paralysis (7)
 n - a wand of digging (13)
Scrolls
 d - 6 scrolls of identify
 f - 3 scrolls of enchant armour
 h - 3 scrolls of enchant weapon
 l - 2 scrolls of teleportation
 p - a scroll of fear
 r - a scroll of remove curse
Potions
 j - a potion of haste
 k - 2 potions of berserk rage
 m - a potion of magic
 q - a potion of mutation
 v - 2 potions of agility


   Skills:
 - Level 6.0 Fighting
 - Level 2.1 Axes
 - Level 5.0 Armour
 - Level 0.8 Dodging
 + Level 7.2 Invocations
 + Level 4.8 Evocations


You had 7 spell levels left.
You didn't know any spells.
Your spell library was empty.

Dungeon Overview and Level Annotations

Branches:
Dungeon (7/15)
 Temple: D:4-7

Altars:
Ashenzari
Cheibriados
Dithmenos
Kikubaaqudgha
Nemelex Xobeh
Okawaru
Qazlal
Sif Muna
Trog
Uskayaw
Vehumet
Wu Jian
The Shining One

Annotations:
D:7 Harold


Innate Abilities, Weirdness & Mutations

You are mostly covered in yellow scales. (AC +3)
A weak demonic guardian rushes to your aid.
You are immune to rotting.
You can translocate small distances at will.
Your mind is acute. (Int +2)
Armour fits poorly on your strangely shaped body.
You passively map a small area around you.
You evolve.


Message History

Your quasit claws the ice beast.
Your quasit barely misses the ice beast.
You see here 2 arrows.
You feel better.
The centaur shoots an arrow.
The arrow barely misses your iron imp. The arrow hits you.
* * * LOW HITPOINT WARNING * * *
The ice beast misses your quasit.
Your quasit barely misses the ice beast.
Your quasit claws the ice beast but does no damage. x2
You feel yourself speed up.
The ice beast hits your quasit but does no damage.
Your quasit bites the ice beast but does no damage.
Your quasit claws the ice beast but does no damage.
Your quasit claws the ice beast.
The centaur shoots an arrow.
The arrow barely misses your iron imp. The arrow barely misses you.
Harold shouts!
The ice beast hits you.
* * * LOW HITPOINT WARNING * * *
The ice beast freezes you!
You die...

##### ....# #.........#
....# #.........#
....####### #.........#
#..,.......# #.........#
#.###...##.# #.........#
#...#...##.###....c....#
....'...+..@....Y5.....>
#.#.#...##.###.5@......#
#...#...##.#...(###.##.#
#..........#...(# ** *
#..........#...(#
#.....####.#(...#
#.....# ##.#....######.
#.....# #.....((.......
..........#############*
..........


You could see Harold, an ice beast, a centaur, a friendly iron imp and a
friendly quasit.

Vanquished Creatures
  Grinder (D:6)
  An ice beast (D:7)
  2 centaurs
  4 water moccasin zombies (Ossuary)
  A crimson imp (D:7)
  2 jellies
  A quasit (D:6)
  A hound (D:7)
  An orc wizard (D:6)
  A bullfrog skeleton (D:7)
  An iron imp (D:7)
  2 iguanas
  2 worker ants
  3 big kobold zombies (Ossuary)
  2 mummies (Ossuary)
  11 adders
  An adder zombie (Ossuary)
  2 worms
  3 dart slugs (D:1)
  3 leopard geckos
  6 orcs
  10 bats
  3 giant cockroaches
  A gnoll zombie (Ossuary)
  6 goblins
  11 hobgoblins
  14 jackals
  8 kobolds
  A quokka (D:4)
  A ball python (D:3)
  8 frilled lizards
  A giant cockroach zombie (D:6)
  4 hobgoblin zombies (Ossuary)
  8 kobold zombies (Ossuary)
  2 orc zombies (Ossuary)
  A quokka zombie (D:3)
  4 rats
134 creatures vanquished.

Vanquished Creatures (collateral kills)
  Sigmund (D:4)
  2 ogres (D:4)
  A worker ant (D:5)
  A big kobold zombie (Ossuary)
  An adder skeleton (D:4)
  3 jackals (D:5)
9 creatures vanquished.

Vanquished Creatures (others)
  A frilled lizard (D:2)
1 creature vanquished.

Grand Total: 144 creatures vanquished

Notes
Turn   | Place    | Note
-------+----------+-------------------------------------------
     0 | Abyss:1  | tyranidshit the Demonspawn Abyssal Knight began the quest for the Orb.
     0 | Abyss:1  | Reached XP level 1. HP: 18/18 MP: 2/2
    68 | Abyss:1  | Noticed a large abomination
    68 | Abyss:1  | Noticed a sixfirhy
    78 | D:1      | Escaped the Abyss
   267 | D:1      | Reached * piety under Lugonu
   268 | D:1      | Gained mutation: A weak demonic guardian rushes to your aid. [demonic ancestry]
   268 | D:1      | Reached XP level 2. HP: 18/24 MP: 3/3
   876 | D:1      | Gained mutation: You are partially covered in yellow scales. (AC +2) [demonic ancestry]
   876 | D:1      | Reached XP level 3. HP: 25/30 MP: 4/4
  1169 | D:2      | Found a sparkling altar of Nemelex Xobeh.
  1356 | D:2      | Reached ** piety under Lugonu
  1356 | D:2      | Gained mutation: You are immune to rotting. [demonic ancestry]
  1356 | D:2      | Reached XP level 4. HP: 35/38 MP: 5/5
  1386 | D:2      | Found a shattered altar of Ashenzari.
  1390 | D:2      | Reached skill level 5 in Fighting
  1795 | D:2      | Found a radiant altar of Vehumet.
  1834 | D:2      | You fall through a shaft!
  1853 | D:2      | Found a stormy altar of Qazlal.
  1897 | D:3      | Found a glowing golden altar of the Shining One.
  2371 | D:3      | Gained mutation: You are mostly covered in yellow scales. (AC +3) [demonic ancestry]
  2371 | D:3      | Reached XP level 5. HP: 37/46 MP: 6/6
  3056 | D:4      | Noticed an ogre
  3091 | D:4      | Killed an ogre
  3133 | D:4      | Noticed an ogre
  3154 | D:4      | Killed an ogre
  3154 | D:4      | Reached *** piety under Lugonu
  3154 | D:4      | Reached XP level 6. HP: 52/52 MP: 7/7
  3298 | D:4      | Noticed Sigmund
  3309 | D:4      | Killed Sigmund
  3406 | D:5      | Entered Level 5 of the Dungeon
  3686 | D:5      | Found an ancient bone altar of Kikubaaqudgha.
  3690 | D:5      | Found a bloodstained altar of Trog.
  3691 | D:5      | Found an ornate altar of the Wu Jian Council.
  3707 | D:5      | Found an iron altar of Okawaru.
  3813 | D:5      | Found a deep blue altar of Sif Muna.
  3932 | D:5      | Reached skill level 5 in Armour
  3932 | D:5      | Reached XP level 7. HP: 54/58 MP: 8/8
  4232 | D:6      | Found a hide-covered altar of Uskayaw.
  4510 | D:6      | Found a sand-covered staircase.
  4519 | Ossuary  | Entered an ossuary
  4569 | Ossuary  | Reached skill level 3 in Invocations
  4613 | Ossuary  | Reached skill level 1 in Evocations
  4625 | Ossuary  | Reached skill level 4 in Invocations
  4804 | Ossuary  | Reached **** piety under Lugonu
  4910 | D:6      | Reached skill level 5 in Invocations
  4914 | D:6      | Gained mutation: You have a pair of small antennae on your head. [potion of mutation]
  4914 | D:6      | Gained mutation: Scrolls take you a little longer to read. [potion of mutation]
  4914 | D:6      | Gained mutation: You passively map a small area around you. [potion of mutation]
  4914 | D:6      | Gained mutation: You possess an exceptional clarity of mind. [potion of mutation]
  4917 | D:6      | Lost mutation: Scrolls take you a little longer to read. [potion of mutation]
  4917 | D:6      | Lost mutation: You possess an exceptional clarity of mind. [potion of mutation]
  4917 | D:6      | Lost mutation: You have a pair of small antennae on your head. [potion of mutation]
  4917 | D:6      | Gained mutation: Armour fits poorly on your strangely shaped body. [potion of mutation]
  4917 | D:6      | Gained mutation: You evolve. [potion of mutation]
  4917 | D:6      | Gained mutation: Your mind is acute. (Int +2) [potion of mutation]
  4924 | D:6      | Noticed Grinder
  4957 | D:6      | Paralysed by Grinder for 2 turns
  4962 | D:6      | Killed Grinder
  4962 | D:6      | Reached XP level 8. HP: 46/64 MP: 10/12
  5008 | D:6      | Reached skill level 6 in Invocations
  5053 | D:6      | Found a shadowy altar of Dithmenos.
  5240 | D:6      | Gained mutation: You can translocate small distances at will. [evolution]
  5439 | D:7      | Noticed Harold
  5658 | D:7      | Reached skill level 7 in Invocations
  5686 | D:7      | Got a bloodstained mace
  5687 | D:7      | Identified the +9 mace "Kufaig" {distort, rF+ Str+3} (You found it on level 7 of the Dungeon)
  5704 | D:7      | Found a snail-covered altar of Cheibriados.
  5729 | D:7      | Slain by an ice beast

Skill      XL: |  1  2  3  4  5  6  7  8 |
---------------+-------------------------+-----
Fighting       | 4 5 6 |  6.0
Armour         | 3 5 |  5.0
Axes           | 2 |  2.1
Invocations    | 5 7 |  7.2
Evocations     | 3 4 |  4.8
Dodging        | |  0.8

Action                   |  1- 3 |  4- 6 |  7- 9 || total
-------------------------+-------+-------+-------++-------
Melee: Hand axe          |    89 |   212 |   266 ||   567
       Mace              |       |       |     4 ||     4
Invok: Depart the Abyss  |     1 |       |       ||     1
Evoke: Wand              |       |       |     3 ||     3
  Use: Scroll            |     3 |     1 |     9 ||    13
       Potion            |     2 |     5 |     8 ||    15
 Stab: Distracted        |       |       |     1 ||     1
       Paralysed         |       |       |    12 ||    12
  Eat: Ration            |     1 |     2 |     2 ||     5
Armor: Scale mail        |    33 |   133 |   154 ||   320
       Leather armour    |     1 |       |       ||     1
Dodge: Dodged            |    45 |   139 |   149 ||   333
